 Dungeon Crawl Stone Soup version 0.17-a0-2118-g63bad21 (webtiles) character file.

130 fredomojojo the Insei (level 4, 0/35 HPs)
             Began as a Vampire Monk on Oct 20, 2015.
             Was a Priest of Makhleb.
             Slain by a shadow imp (6 damage)
             ... on level 3 of the Dungeon on Oct 21, 2015.
             The game lasted 00:29:15 (1862 turns).

fredomojojo the Insei (Vampire Monk)                Turns: 1862, Time: 00:29:15

Health: 0/35       AC:  0    Str:  6    XL:     4   Next: 89%
Magic:  4/4        EV: 24    Int: 12    God:    Makhleb [***...]
Gold:   155        SH:  0    Dex: 21    Spells: 0 memorised, 3 levels left

rFire  . . .     SeeInvis +       - Unarmed
rCold  + . .     Clarity  .     (armour currently unavailable)
rNeg   + + .     SustAt   .     (shield currently unavailable)
rPois  +         Gourm    .     (helmet currently unavailable)
rElec  .         Spirit   .     (cloak currently unavailable)
rCorr  .         Warding  .     (gloves currently unavailable)
rMut   .         Stasis   .     (boots currently unavailable)
MR     .....                    (no amulet)
Stlth  ++++......               (ring currently unavailable)
                                (ring currently unavailable)

@: bat-form, flying, regenerating slowly, very quick, not resistant to hostile
enchantments, stealthy
A: (fangs 0), see invisible, (unbreathing)
a: End Transformation, Minor Destruction, Lesser Servant of Makhleb, Renounce
Religion


You were on level 3 of the Dungeon.
You worshipped Makhleb.
Makhleb was most pleased with you.
You were very thirsty.
You were in vampire-bat-form.
You visited 1 branch of the dungeon, and saw 3 of its levels.

You collected 155 gold pieces.

Inventory:

Missiles
 d - 25 arrows
Armour
 a - a +1 robe (melded)
 g - a +0 robe
Jewellery
 c - a cursed ring of teleportation (melded)
 i - a ring of stealth (melded)
 u - a +3 ring of dexterity {unknown}
Scrolls
 e - a scroll of blinking {unknown}
 f - 3 scrolls of identify
 n - 2 scrolls of remove curse {unknown}
 p - a scroll of immolation
 s - a scroll of enchant weapon {unknown}
Potions
 b - a potion of blood
 h - 3 potions of curing {unknown}
 j - a potion of might {unknown}
 k - a potion of invisibility {unknown}
 l - a potion of heal wounds
 m - a potion of poison {unknown}
 q - 2 potions of degeneration {unknown}
 t - a potion of haste {unknown}
Books
 o - a book of Cantrips

   Spells                             Type                      Level
   a - Corona                         Hexes                        1
   b - Animate Skeleton               Necromancy                   1
   c - Summon Small Mammal            Summoning                    1
   d - Apportation                    Translocation                1
 r - a book of the Sky

   Spells                             Type                      Level
   a - Summon Lightning Spire         Summoning/Air                4
   b - Airstrike                      Air                          4
   c - Silence                        Hexes/Air                    5
   d - Deflect Missiles               Charms/Air                   6
   e - Conjure Ball Lightning         Conjuration/Air              6
   f - Tornado                        Air                          9


   Skills:
 + Level 3.2 Fighting
 + Level 4.4 Dodging
 + Level 4.6 Stealth
 + Level 5.2 Unarmed Combat


You had 3 spell levels left.
You didn't know any spells.

Dungeon Overview and Level Annotations

Branches:
Dungeon (3/15)

Altars:
Makhleb
The Shining One


Innate Abilities, Weirdness & Mutations

You heal slowly.
((You have razor-sharp teeth.))
You have supernaturally acute eyesight.
((You can survive without breathing.))


Message History

You now have 155 gold pieces (gained 5).
A shadow imp comes into view.
The helpless shadow imp fails to defend itself.
You hit the shadow imp but do no damage.
You hit the shadow imp but do no damage.
The shadow imp misses you.
You barely miss the shadow imp.
You hit the shadow imp but do no damage.
The shadow imp misses you.
You hit the shadow imp.
The shadow imp is lightly wounded.
The shadow imp gestures at you. Pain shoots through your body!
* * * LOW HITPOINT WARNING * * *
You hit the shadow imp but do no damage.
The shadow imp is lightly wounded.
You hit the shadow imp.
The shadow imp is heavily wounded.
The shadow imp hits you.
You die...

.# #.........†.#
.# #.###.#####.#
.# #.# #.# .#
#.# ###.# .#
#.###.#.#
.#####.#
#.......#
.#...#.#
#.....?.#
...#.#.#
#.##....#
##...#.#
#.###.#b#
##.##.# #.#
###5#
#.##.###.#####.#
#.##...........#
#.....##.#######
#####.##.#
#.##.# #.##.#
#.##.#


You could see a shadow imp.

Vanquished Creatures
  Ijyb (D:3)
  3 adders
  2 worms (D:2)
  3 giant geckos
  4 orcs (D:3)
  2 ball pythons
  9 bats
  8 hobgoblins
  6 giant cockroaches
  2 giant newts
  6 goblins (D:1)
  4 jackals
  7 kobolds
  4 rats
61 creatures vanquished.

Notes
Turn   | Place    | Note
--------------------------------------------------------------
     0 | D:1      | fredomojojo the Vampire Monk began the quest for the Orb.
     0 | D:1      | Reached XP level 1. HP: 17/17 MP: 1/1
   149 | D:1      | Reached XP level 2. HP: 17/23 MP: 2/2
   206 | D:2      | Found a burning altar of Makhleb.
   219 | D:2      | Became a worshipper of Makhleb the Destroyer
   219 | D:2      | Reached * piety under Makhleb
   219 | D:2      | Reached ** piety under Makhleb
   434 | D:1      | Reached XP level 3. HP: 18/28 MP: 3/3
   937 | D:2      | Reached skill level 5 in Unarmed Combat
  1114 | D:3      | Noticed Ijyb
  1132 | D:3      | Killed Ijyb
  1132 | D:3      | Reached XP level 4. HP: 21/35 MP: 4/4
  1179 | D:3      | Reached *** piety under Makhleb
  1353 | D:3      | Found a glowing golden altar of the Shining One.
  1635 | D:3      | Noticed a phantom
  1862 | D:3      | Slain by a shadow imp

Vault maps used:
D:1:      minmay_arrival_wavy_path
D:2:      bloody_makhleb, first_bread
D:3:      corexii_shack_village, lemuel_doored_altar, uniq_iyjb

Action                   |  1- 3 |  4- 6 || total
-------------------------+-------+-------++-------
Melee: Unarmed           |   126 |    86 ||   212
Invok: Lesser Servant of |       |     1 ||     1
 Abil: Bat Form          |       |     1 ||     1
  Use: Scroll            |     2 |     1 ||     3
 Stab: Sleeping          |    12 |     8 ||    20
